 Dungeon Crawl Stone Soup version 0.29-a0-923-g6e406bff71 (webtiles) character file.

Game seed: 1890373381304018329

1052 Pooter the Shooter (level 8, -3/67 HPs)
             Began as a Minotaur Hunter on July 27, 2022.
             Slain by Duvessa
             ... wielding a +0 rapier
              (11 damage)
             ... on level 5 of the Dungeon.
             The game lasted 00:28:03 (4805 turns).

Pooter the Shooter (Minotaur Hunter)                Turns: 4805, Time: 00:28:04

Health: -3/67      AC:  8    Str: 18    XL:     8   Next: 5%
Magic:  7/7        EV: 10    Int:  6    God:
Gold:   94         SH:  0    Dex: 20    Spells: 7/7 levels left

rFire   . . .      SeeInvis .   a - +2 demon whip (flame)
rCold   . . .      Faith    .   (no shield)
rNeg    . . .      Spirit   .   B - +0 scale mail
rPois   .          Reflect  .   (helmet restricted)
rElec   .          Harm     .   y - +0 cloak {Will+}
rCorr   .          Rampage  .   C - +0 pair of gloves
Will    ++...                   (no boots)
Stlth   +.........              (no amulet)
HPRegen 0.21/turn               d - ring of willpower
MPRegen 0.10/turn               i - +6 ring of dexterity

@: no status effects
A: horns 2, retaliatory headbutt
a: no special abilities


You were on level 5 of the Dungeon.
You visited 1 branch of the dungeon, and saw 5 of its levels.

You collected 248 gold pieces.
You spent 154 gold pieces at shops.

Inventory:

Hand Weapons
 a - a +2 demon whip of flaming (weapon)
   (You found it on level 3 of the Dungeon)
 b - a +3 shortbow
 c - a +4 quarterstaff of chaos
   (You took it off Crazy Yiuf on level 2 of the Dungeon)
 n - a +0 short sword
   (You took it off a kobold on level 1 of the Dungeon)
 q - a +0 hand axe
   (You found it on level 1 of the Dungeon)
 s - a +0 morningstar
   (You found it on level 2 of the Dungeon)
 u - a +0 war axe
   (You took it off an orc on level 2 of the Dungeon)
Missiles
 m - 11 poisoned darts
 r - 4 javelins (quivered)
 w - 6 curare-tipped darts
 Q - 43 stones
Armour
 y - a +0 cloak of willpower (worn)
   (You took it off Crazy Yiuf on level 2 of the Dungeon)
 B - a +0 scale mail (worn)
   (You took it off an orc on level 4 of the Dungeon)
 C - a +0 pair of gloves (worn)
   (You found it on level 5 of the Dungeon)
Jewellery
 d - a ring of willpower (left hand)
   (You found it on level 1 of the Dungeon)
 i - a +6 ring of dexterity (right hand)
   (You found it on level 5 of the Dungeon)
Wands
 D - a wand of digging (7)
   (You found it on level 4 of the Dungeon)
Scrolls
 e - a scroll of poison {unknown}
 f - 7 scrolls of immolation {!r}
 h - a scroll of summoning
 l - 2 scrolls of fog
 t - a scroll of teleportation {@r4}
 v - a scroll of silence
 x - 2 scrolls of amnesia
 z - a scroll of torment {!r}
 A - a scroll of fear
Potions
 g - 4 potions of lignification {!q}
 j - a potion of heal wounds {@q2}
 k - a potion of mutation {!q}
 o - 2 potions of brilliance
 p - a potion of cancellation


   Skills:
 + Level 4.9 Fighting
 + Level 4.6(5.5) Axes
 * Level 4.6(5.5) Maces & Flails
 * Level 7.2 Ranged Weapons
 - Level 2.1 Dodging
 + Level 3.3 Stealth


You had 7 spell levels left.
You didn't know any spells.
Your spell library was empty.

Dungeon Overview and Level Annotations

Branches:
Dungeon (5/15)             Temple (0/1) D:5

Altars:

Shops:
D:3 ?   D:4 =

Annotations:
D:3 1 runed translucent door, greasedhog's ghost, amateur GrMo
D:5 Duvessa


Innate Abilities, Weirdness & Mutations

You have a pair of horns on your head.
You reflexively headbutt those who attack you in melee.


Message History

You continue putting on your +0 pair of gloves. x4
You finish putting on your +0 pair of gloves.
x - 2 scrolls of amnesia (gained 1)
There is a stone staircase leading down here.
There is a stone staircase leading up here.
Found a war axe.
Found 16 gold pieces and a rapier.
Dowan, Brother of Duvessa comes into view.
He is wielding a +2 dagger of holy wrath and carrying a wand of flame (6).
Found a staircase to the Ecumenical Temple.
You shoot an arrow. The arrow hits Dowan!
Dowan shouts!
Dowan casts a spell at you. The puff of flame misses you.
You shoot an arrow. The arrow closely misses Dowan.
Duvessa, Sister of Dowan comes into view.
She is wielding a +0 rapier.
You shoot an arrow. The arrow misses Dowan.
Dowan zaps a wand.
The puff of flame misses you.
You shoot an arrow. The arrow hits Dowan!
You kill Dowan!
You hear a distant scream of rage.
You shoot an arrow.
Duvessa shouts!
The arrow hits Duvessa but does no damage.
Duvessa goes berserk!
Items here: ) / [ †.
Your +2 demon whip of flaming bursts into flame!
a - a +2 demon whip of flaming (weapon)
Duvessa barely misses you. Duvessa hits you with a +0 rapier.
You hit Duvessa but do no damage. You headbutt Duvessa.
Duvessa hits you with a +0 rapier.
You whack Duvessa! You burn Duvessa. You headbutt Duvessa, but do no damage.
Duvessa completely misses you.
You closely miss Duvessa. You headbutt Duvessa.
Duvessa hits you but does no damage.
You barely miss Duvessa. Duvessa hits you but does no damage.
Duvessa hits you with a +0 rapier.
You hit Duvessa but do no damage. Duvessa hits you with a +0 rapier!
You whack Duvessa! You burn Duvessa. Duvessa hits you with a +0 rapier!
* * * LOW HITPOINT WARNING * * *
You hit Duvessa. You burn Duvessa. Duvessa hits you with a +0 rapier.
* * * LOW HITPOINT WARNING * * *
You hit Duvessa. You burn Duvessa. Duvessa misses you. You furiously retaliate!
You headbutt Duvessa!
Unknown command.
You hit Duvessa. You burn Duvessa. You headbutt Duvessa.
Duvessa hits you with a +0 rapier!
* * * LOW HITPOINT WARNING * * *
Duvessa hits you with a +0 rapier!
You die... ########### ..........##### ## ..............# ..P .....####.###.## PPPP

.....# #.# #..#
###.P>. .....#
#.# ##.# ...P...
.....# #.#
#.##....P..
.....#
#.####.)#.......
.....+
.........@e...$..
.....#
##.#####.#....)..
.....# ...
#....).... .....#
##.#####.. .....#
.# . .....# .#
.....# .# .....#
.. .....#


You could see Duvessa (berserk).

Vanquished Creatures
  Sigmund (D:4)
  2 ogres (D:5)
  2 phantoms (D:5)
  Blork the orc (D:4)
  Dowan (D:5)
  2 hounds
  Crazy Yiuf (D:2)
  An orc priest (D:4)
  An iguana (D:5)
  4 orc wizards
  4 gnolls (D:4)
  6 adders
  A worm (D:2)
  3 dart slugs
  17 orcs
  5 ball pythons
  8 endoplasms
  4 giant cockroaches
  4 hobgoblins
  5 jackals
  4 quokkas
  7 bats
  3 frilled lizards
  7 goblins
  6 kobolds
  A rat (D:1)
  2 toadstools (D:2)
103 creatures vanquished.

Vanquished Creatures (others)
  3 fungi (D:2)
  2 toadstools (D:2)
  2 withered plants (D:3)
7 creatures vanquished.

Grand Total: 110 creatures vanquished

Notes
Turn   | Place    | Note
-------+----------+-------------------------------------------
     0 | D:1      | Pooter the Minotaur Hunter began the quest for the Orb.
     0 | D:1      | Reached XP level 1. HP: 18/18 MP: 0/0
   186 | D:1      | Reached skill level 1 in Stealth
   219 | D:1      | Reached XP level 2. HP: 25/25 MP: 1/1
   800 | D:2      | Found a runed translucent door.
   801 | D:2      | Noticed Crazy Yiuf
   836 | D:2      | Reached XP level 3. HP: 30/30 MP: 2/2
   849 | D:2      | Reached skill level 1 in Axes
  1235 | D:2      | Reached skill level 5 in Ranged Weapons
  1396 | D:2      | Reached XP level 4. HP: 20/38 MP: 3/3
  1887 | D:2      | Killed Crazy Yiuf
  2368 | D:3      | Reached XP level 5. HP: 45/45 MP: 4/4
  2429 | D:3      | Found Hoso's Magic Scroll Boutique.
  2432 | D:3      | Bought a scroll of identify for 28 gold pieces
  2432 | D:3      | Bought a scroll of identify for 28 gold pieces
  2432 | D:3      | Bought a scroll of identify for 28 gold pieces
  2432 | D:3      | Bought a scroll of teleportation for 42 gold pieces
  2432 | D:3      | Bought a scroll of identify for 28 gold pieces
  2724 | D:3      | Found a faded altar of an unknown god.
  2780 | D:3      | Found a runed translucent door.
  2780 | D:3      | Noticed greasedhog's ghost (amateur GrMo)
  3081 | D:4      | Noticed Sigmund
  3090 | D:4      | Killed Sigmund
  3091 | D:4      | Reached skill level 6 in Ranged Weapons
  3091 | D:4      | Reached XP level 6. HP: 22/52 MP: 5/5
  3346 | D:4      | Found Jyfezuxki's Jewellery Boutique.
  3599 | D:4      | Noticed Blork the orc
  3604 | D:4      | Killed Blork the orc
  3681 | D:4      | Reached XP level 7. HP: 55/60 MP: 6/6
  4366 | D:5      | Entered Level 5 of the Dungeon
  4474 | D:5      | Reached skill level 7 in Ranged Weapons
  4592 | D:5      | Reached XP level 8. HP: 67/67 MP: 7/7
  4780 | D:5      | Found a staircase to the Ecumenical Temple.
  4780 | D:5      | Noticed Dowan
  4782 | D:5      | Noticed Duvessa
  4789 | D:5      | Killed Dowan
  4805 | D:5      | Slain by Duvessa

Illustrated notes

Levels and vault maps discovered:
D:1:      tarquinn_simple_flora_water_b, layout_basic
D:2:      minmay_evil_eye, layout_basic, st_stairs_7, hangedman_decor_slide_cut,
          minmay_gold_behind_fungi, uniq_crazy_yiuf_cottage
D:3:      layout_rooms, shapermc_ecumenical_altar_notcrosses, serial_shops,
          shop, gammafunk_ghost_grave, chequers_serial_rivers_small_3,
          grunt_ministairs_12
D:4:      layout_layer_cave, serial_shops, kennysheep_mini, uniq_blork_the_orc,
          uniq_sigmund
D:5:      layout_basic, minmay_temple_entry_overgrown,
          biasface_ghost_orc_armoury, minmay_misc_feat_secret_circle,
          chequers_mini_garden, uniq_duvessa

Skill      XL: |  1  2  3  4  5  6  7 |
---------------+----------------------+-----
Stealth        | 1 2 3 |  3.3
Axes           | 1 2 3 4 |  4.6
Fighting       | 3 4 |  4.9
Ranged Weapons | 5 6 7 |  7.2
Maces & Flails | 2 3 4 |  4.6
Dodging        | |  2.1

Action                   |  1- 3 |  4- 6 |  7- 9 || total
-------------------------+-------+-------+-------++-------
Melee: Unarmed           |     2 |       |       ||     2
       Hand axe          |     9 |     1 |       ||    10
       Headbutt          |     3 |     3 |     7 ||    13
       Morningstar       |     5 |       |       ||     5
       War axe           |       |     3 |       ||     3
       Quarterstaff      |       |     1 |       ||     1
       Demon whip        |       |    30 |    35 ||    65
 Fire: Shortbow          |    67 |   102 |    49 ||   218
Throw: Dart              |       |       |     5 ||     5
  Use: Scroll            |     3 |    13 |     2 ||    18
       Potion            |     1 |       |       ||     1
 Stab: Sleeping          |       |     1 |       ||     1
Armor: Leather armour    |     7 |     1 |       ||     8
       Skin              |    26 |       |       ||    26
       Ring mail         |       |     6 |     1 ||     7
       Scale mail        |       |       |     6 ||     6
Dodge: Dodged            |    22 |    18 |    21 ||    61

Table legend: (Time is in decaauts)
 A = Elapsed time spent in this place.
 B = Non-inter-level travel time spent in this place.
 C = Inter-level travel time spent in this place.
 D = Time resting spent in this place.
 E = Time spent auto-exploring this place.
 F = Levels seen in this place.
 G = Mean time per level.
                   A        B        C        D        E       F      G
               +--------+--------+--------+--------+--------+-----+--------+
         Total |   4849 |   4640 |    209 |    863 |   2918 |   5 |  969.8 |
       Dungeon |   4849 |   4640 |    209 |    863 |   2918 |   5 |  969.8 |
               +--------+--------+--------+--------+--------+-----+--------+

Top non-repeatable levels by time:
     D:2: 1571 daAuts
     D:4: 1417 daAuts
     D:3: 733 daAuts
     D:1: 682 daAuts
     D:5: 445 daAuts
